 Dungeon Crawl Stone Soup version 0.28.0 (webtiles) character file.

Game seed: 5067910634321545666

54 a3don the Chiller (level 3, -1/32 HPs)
             Began as a Troll Ice Elementalist on Feb 14, 2022.
             Slain by a scorpion (3 damage)
             ... on level 3 of the Dungeon.
             The game lasted 00:02:06 (1560 turns).

a3don the Chiller (Troll Ice Elementalist)          Turns: 1560, Time: 00:02:07

Health: -1/32      AC:  4    Str: 16    XL:     3   Next: 66%
Magic:  4/4        EV: 10    Int: 13    God:
Gold:   43         SH:  0    Dex: 10    Spells: 1/5 levels left

rFire   . . .      SeeInvis .     - Unarmed
rCold   . . .      Faith    .   (no shield)
rNeg    . . .      Spirit   .   a - +0 robe
rPois   .          Reflect  .   (helmet restricted)
rElec   .          Harm     .   (no cloak)
rCorr   .          Rampage  .   (gloves unavailable)
Will    .....                   (boots unavailable)
Stlth   +.........              b - amulet of the acrobat
HPRegen 0.90/turn               (no ring)
MPRegen 0.09/turn               (no ring)

@: flying
A: large, unfitting armour, claws 3, regeneration 1, shaggy fur 1, tough skin 1
a: no special abilities


You were on level 3 of the Dungeon.
You visited 1 branch of the dungeon, and saw 3 of its levels.

You collected 43 gold pieces.

Inventory:

Hand Weapons
 i - a +0 hunting sling
Armour
 a - a +0 robe (worn)
Jewellery
 b - an amulet of the acrobat (around neck)
 k - a ring of protection from fire
Scrolls
 c - 2 scrolls of magic mapping {unknown}
 d - a scroll of enchant armour {unknown}
 f - a scroll of acquirement {unknown}
 g - a scroll of torment {unknown}
 h - 2 scrolls of noise {unknown}
 j - a scroll of teleportation {unknown}
Potions
 l - a potion of magic


   Skills:
 + Level 0.9 Fighting
 + Level 1.9 Dodging
 - Level 1.0 Stealth
 * Level 1.7 Unarmed Combat
 + Level 1.5 Spellcasting
 + Level 3.1 Ice Magic


You had one spell level left.
You knew the following spells:

 Your Spells              Type           Power      Damage    Failure   Level
a - Freeze                Ice            36%        1d6       8%          1
b - Frozen Ramparts       Ice            18%        1d3       22%         3

Your spell library contained the following spells:

 Spells                   Type           Power      Damage    Failure   Level
 Ozocubu's Armour         Ice            9%         N/A       22%         3
 Hailstorm                Conj/Ice       5%         3d4       80%         4


Dungeon Overview and Level Annotations

Branches:
Dungeon (3/15)

Altars:

Shops:
D:1 (=


Innate Abilities, Weirdness & Mutations

You are too large for most types of armour.
You have claws for hands.
Your natural rate of healing is unusually fast.
You are covered in fur. (AC +1)
You have tough skin. (AC +1)


Message History

You freeze the scorpion.
The scorpion is heavily wounded.
You feel sick. The scorpion barely misses you.
Casting: Freeze (safe; 8% risk of failure)
Confirm with . or Enter, or press ? or * to list all spells.
Aiming: Freeze (safe; 8% risk of failure)
Press: ? - help, Shift-Dir - straight line, f/p - scorpion
Aim: a scorpion (heavily wounded)
You freeze the scorpion.
The scorpion is heavily wounded.
You feel sick. The scorpion stings you.
You are more poisoned.
The scorpion poisons you!
Casting: Freeze (safe; 8% risk of failure)
Confirm with . or Enter, or press ? or * to list all spells.
Aiming: Freeze (safe; 8% risk of failure)
Press: ? - help, Shift-Dir - straight line, f/p - scorpion
Aim: a scorpion (heavily wounded)
You freeze the scorpion.
The scorpion is severely wounded.
You feel very sick.
The scorpion stings you but does no damage.
The scorpion stings you.
You feel very sick.
You feel sick.
You feel sick.
You feel sick.
You feel sick. The scorpion stings you.
* * * LOW HITPOINT WARNING * * *
You feel sick.
You feel sick.
It was a potion of magic.
Magic courses through your body.
You feel sick. The scorpion stings you.
* * * LOW HITPOINT WARNING * * *
It was a potion of flight.
You feel very buoyant.
You fly up into the air.
You feel sick.
You are no longer poisoned.
The scorpion stings you.
You die...

#.)...# #....##
##....# #....#
##...# #....# ..#
##....# ...#
##s...## ....#
##.@...#
.....#####.....##
#......#......##
#...........##
#.........###
###.....###.######
..###'''###.......#
.........####.###.##
................#.#


You could see a scorpion.

Vanquished Creatures
  An adder (D:3)
  2 worms (D:2)
  A dart slug (D:2)
  7 bats
  5 endoplasms
  2 hobgoblins
  3 kobolds
  3 quokkas
  3 ball pythons
  6 frilled lizards
  6 rats
39 creatures vanquished.

Notes
Turn   | Place    | Note
-------+----------+-------------------------------------------
     0 | D:1      | a3don the Troll Ice Elementalist began the quest for the
                  | Orb.
     0 | D:1      | Reached XP level 1. HP: 16/16 MP: 1/1
    78 | D:1      | Found a faded altar of an unknown god.
    96 | D:1      | Reached skill level 3 in Ice Magic
   141 | D:1      | Found Pomuargh's One-of-a-Kind Rings.
   256 | D:1      | Found Utetykh's Antique Weapon Shop.
   360 | D:1      | Reached XP level 2. HP: 19/24 MP: 3/3
   361 | D:1      | Reached skill level 1 in Unarmed Combat
  1043 | D:2      | Reached XP level 3. HP: 32/32 MP: 4/4
  1167 | D:2      | Learned a level 3 spell: Frozen Ramparts
  1543 | D:3      | Noticed a scorpion
  1560 | D:3      | Slain by a scorpion

Illustrated notes

Levels and vault maps discovered:
D:1:      sevenhm_arrival_forest_fort_small_3, layout_basic,
          ebering_ecumenical_altar_rust, serial_shops, shop,
          minmay_misc_feat_more_columns, nicolae_shop_unique_rings,
          roderic_roman_lattice
D:2:      layout_rooms
D:3:      layout_basic, mainiacjoe_overflow_chevrons, led_sif_book, st_stairs_6,
          kennysheep_donut

Skill      XL: |  1  2 |
---------------+-------+-----
Ice Magic      | 3 |  3.1
Unarmed Combat | 1 |  1.7
Fighting       | |  0.9
Dodging        | |  1.9
Stealth        | |  1.0
Spellcasting   | |  1.5

Action                   || total
-------------------------++-------
Melee: Unarmed           ||   122
 Cast: Freeze            ||     5
  Use: Potion            ||     2
 Stab: Sleeping          ||     4
Armor: Robe              ||    48
Dodge: Dodged            ||    51
